 Dungeon Crawl Stone Soup version 0.25-a0-294-gea9b1ad378 (webtiles) character file.

Game seed: 5038612755585028830, levelgen mode: deterministic

99 Redear the Skirmisher (level 4, -1/37 HPs)
             Began as a Mummy Monk on Dec 18, 2019.
             Slain by an orc
             ... wielding a +0 flail
              (12 damage)
             ... on level 3 of the Dungeon.
             The game lasted 00:03:56 (3253 turns).

Redear the Skirmisher (Mummy Monk)                  Turns: 3253, Time: 00:03:57

Health: -1/37      AC:  3    Str: 14    XL:     4   Next: 45%
Magic:  4/4        EV: 13    Int:  9    God:
Gold:   56         SH:  0    Dex: 15    Spells: 3/3 levels left

rFire    x . .     SeeInvis +     - Unarmed
rCold    + . .     Gourm    .   (no shield)
rNeg     + + +     Faith    .   (no armour)
rPois    ∞         Spirit   .   (no helmet)
rElec    .         Reflect  .   (no cloak)
rCorr    .         Harm     .   (no gloves)
MR       .....                  (no boots)
Stlth    +.........             (no amulet)
HPRegen  0.12/turn              s - ring of see invisible {SInv}
MPRegen  0.09/turn              b - +3 ring of protection

@: confused
A: no food or potions, fire vulnerability, cold resistance 1, negative energy
resistance 3, torment resistance, unbreathing
a: no special abilities


You were on level 3 of the Dungeon.
You were not hungry.

You visited 1 branch of the dungeon, and saw 3 of its levels.

You collected 56 gold pieces.

Inventory:

Jewellery
 b - a +3 ring of protection (right hand)
 s - a ring of see invisible (left hand) {SInv}
Scrolls
 a - a scroll of random uselessness {unknown}
 c - a scroll of remove curse {unknown}
 d - 2 scrolls of teleportation {unknown}
 e - a scroll of fear {unknown}
 f - a scroll of identify {unknown}


   Skills:
 + Level 3.9 Fighting
 + Level 3.2 Dodging
 - Level 1.5 Stealth
 + Level 3.2 Unarmed Combat


You had 3 spell levels left.
You didn't know any spells.
Your spell library was empty.

Dungeon Overview and Level Annotations

Branches:
Dungeon (3/15)

Altars:

Annotations:
D:2 Robin


Innate Abilities, Weirdness & Mutations

You do not eat or drink.
Your flesh is vulnerable to fire.
You are immune to poison.
Your flesh is cold resistant. (rC+)
You are immune to negative energy. (rN+++)
You are immune to unholy pain and torment.
You can survive without breathing.


Message History

The orc is severely wounded.
The orc closely misses you. The orc hits you with a +0 flail.
The orc blocks your attack.
The orc is severely wounded.
The orc wizard closely misses you. The orc misses you. x2
The orc wizard hits you but does no damage.
The orc barely misses you.
You take 3 damage, and have 18/37 hp.
You barely miss the orc.
The orc is severely wounded.
A goblin comes into view. It is wielding a +0 dagger.
The orc closely misses you.
The orc wizard points at you and mumbles some strange words.
You are confused.
The orc hits you with a +0 long sword!
* * * LOW HITPOINT WARNING * * *
You take 7 damage, and have 11/37 hp.
Unknown command.
The orc hits you with a +0 flail!
You die...

#....# #.##.#
.........##....
#.##.#
#....g.........
#.##†#
#..............
#%##.#
#...>..........
#.##.#
#..............
#.##.# #...........#
#.##.# #.....ooo...#
#.##.####...†.@.o.).#
#.#.....####'########
#.#..##.# #.#
###.#..##)# #.#
..#.#..##.# #†#
#.#.#..##.# #.#
#.#.#####.####.#
#.#............#
#.#######.######


You could see an orc wizard (invisible), 3 orcs and a goblin.

Vanquished Creatures
  3 adders
  A dart slug (D:1)
  A leopard gecko (D:1)
  6 bats
  5 giant cockroaches
  13 goblins
  10 hobgoblins
  7 jackals
  4 kobolds
  A ball python (D:1)
  2 frilled lizards (D:1)
  7 rats
60 creatures vanquished.

Notes
Turn   | Place    | Note
-------+----------+-------------------------------------------
     0 | D:1      | Redear the Mummy Monk began the quest for the Orb.
     0 | D:1      | Reached XP level 1. HP: 18/18 MP: 1/1
   362 | D:1      | Reached XP level 2. HP: 7/24 MP: 2/2
  1366 | D:2      | Reached XP level 3. HP: 15/29 MP: 3/3
  1788 | D:2      | Identified the +0 helmet of Discretion {rElec Str+3 Int-4}
  1788 | D:2      | Noticed Robin
  2179 | D:2      | Reached skill level 3 in Dodging
  2234 | D:2      | Reached skill level 3 in Unarmed Combat
  2782 | D:3      | Reached XP level 4. HP: 34/37 MP: 4/4
  3253 | D:3      | Slain by an orc

Levels and vault maps discovered:
D:1:      dpeg_arrival_refuge, layout_rooms
D:2:      layout_loops_cross, minivault_4, uniq_robin, uniq_crazy_yiuf_cottage
D:3:      layout_basic, serial_curves, eino_curves_01, eino_curves_04,
          chequers_ecumenical_altar_lobes, minmay_goblin_outpost

Skill      XL: |  1  2  3 |
---------------+----------+-----
Dodging        | 3 |  3.2
Unarmed Combat | 3 |  3.2
Fighting       | |  3.9
Stealth        | |  1.5

Action                   |  1- 3 |  4- 6 || total
-------------------------+-------+-------++-------
Melee: Unarmed           |   224 |    76 ||   300
       Punch             |     2 |     1 ||     3
 Stab: Sleeping          |     1 |     1 ||     2
       Distracted        |     1 |       ||     1
Armor: Skin              |    45 |    17 ||    62
Dodge: Dodged            |   148 |    68 ||   216

Table legend:
 A = Non-vault XP
 B = Vault XP
 C = Vault XP percentage of total XP
 D = Non-vault monster count
 E = Vault monster count
 F = Vault count percentage of total count
                 A         B        C        D         E       F
            +---------+---------+-------+---------+---------+-------
      Total |     123 |      19 |  13.4 |      50 |      10 |  16.7
            +---------+---------+-------+---------+---------+-------
        D:1 |      35 |       2 |   5.4 |      19 |       1 |   5.0
        D:2 |      41 |      17 |  29.3 |      18 |       9 |  33.3
        D:3 |      47 |       0 |   0.0 |      13 |       0 |   0.0
            +---------+---------+-------+---------+---------+-------
